[Event "Titled Tuesday Blitz April 05 Late 2022"]
[White "Burke, Paul"]
[Black "Mohammadian, Mohammad"]
[WhiteFideId "2605767"]
[BlackFideId "12566055"]
[WhiteElo "1886"]
[BlackElo "1544"]
[Result "1-0"]
[Round "09"]
[TimeControl "180+1"]
[Date "2022.04.06"]
[WhiteClock "0:01:40"]
[BlackClock "0:00:01"]

1. e4 e5 2. Nf3 Nc6 3. Bc4 Bc5 4. b4 Bxb4 5. c3 Ba5 6. d4 exd4 7. O-O dxc3 8. Qb3 Qf6 9. e5 Qg6 10. Nxc3 Bxc3 11. Qxc3 Nge7 12. Bd3 Qh5 13. Ba3 O-O 14. Bxe7 Nxe7 15. Qxc7 Nf5 16. Qc2 d6 17. Bxf5 Bxf5 18. Qb2 dxe5 19. Qxe5 Qg6 20. Nh4 Qf6 21. Qxf6 gxf6 22. Nxf5 Rfe8 23. Rfe1 Kf8 24. Kf1 Red8 25. Rad1 Rdc8 26. Re2 Re8 27. Rxe8+ Rxe8 28. Ne3 Rc8 29. Ke2 Rc7 30. Rd2 Kg7 31. Nf5+ Kg6 32. Nd4 Re7+ 33. Kf3 h5 34. Nb3 f5 35. Re2 1-0


[Site "https://www.chess.com"]

[Event "Titled Tuesday Blitz April 05 Late 2022"]
[White "Cagara, Paulina"]
[Black "Pavlidou, Ekaterini"]
[WhiteFideId "1124870"]
[BlackFideId "4213262"]
[WhiteElo "1780"]
[BlackElo "2127"]
[Result "0-1"]
[Round "09"]
[TimeControl "180+1"]
[Date "2022.04.06"]
[WhiteClock "0:00:17"]
[BlackClock "0:01:24"]

1. e4 c5 2. Nc3 Nc6 3. Bb5 Nd4 4. Bc4 e6 5. Nf3 Ne7 6. O-O Nec6 7. d3 a6 8. a4 Be7 9. Nxd4 cxd4 10. Ne2 d5 11. Bb3 O-O 12. exd5 exd5 13. Nf4 Be6 14. Qf3 Ne5 15. Qh5 Bf6 16. Bd2 Bg4 17. Qxg4 Nxg4 18. Nxd5 Bg5 19. f4 Qd6 20. Bb4 Qh6 21. h3 Ne3 22. Nxe3 dxe3 23. fxg5 Qxg5 24. Bxf8 Rxf8 25. Rf3 e2 26. Re1 Qc5+ 27. Kh1 Qe5 28. Rf2 Qxb2 29. Rexe2 g6 30. Re7 Kg7 31. Rexf7+ Rxf7 32. Rxf7+ Kh6 33. Rxb7 Qa1+ 34. Kh2 Qe5+ 35. Kh1 a5 36. Rf7 Qe1+ 37. Kh2 Kg5 38. Rf3 Qe5+ 39. Kh1 Qe1+ 40. Kh2 Qe5+ 41. Kh1 h5 42. d4 Qxd4 43. Rd3 Qa1+ 44. Kh2 Kf4 45. Rf3+ Kg5 46. Rd3 h4 47. Rd5+ Kf4 48. Rd3 g5 49. Rf3+ Ke4 50. Rd3 Qe5+ 51. Kh1 Qa1+ 52. Kh2 Qc1 53. Rf3 Qd2 54. Rd3 Qf4+ 55. Kh1 Qf1+ 56. Kh2 Qf4+ 57. Kh1 g4 58. hxg4 Qxg4 59. Rf3 h3 60. Kh2 Qxg2# 0-1


[Site "https://www.chess.com"]

[Event "Titled Tuesday Blitz April 05 Late 2022"]
[White "Chernomordik, Pavel"]
[Black "Ezat, Mohamed"]
[WhiteFideId "2804530"]
[BlackFideId "10600906"]
[WhiteElo "2457"]
[BlackElo "2587"]
[Result "1/2-1/2"]
[Round "09"]
[TimeControl "180+1"]
[Date "2022.04.06"]
[WhiteClock "0:00:08"]
[BlackClock "0:00:08"]

1. e4 c6 2. Nc3 d5 3. Nf3 Bg4 4. h3 Bh5 5. exd5 cxd5 6. g4 Bg6 7. Bb5+ Nc6 8. Ne5 Rc8 9. h4 d4 10. Qf3 Qd6 11. Nxc6 bxc6 12. Ba6 Qe5+ 13. Ne2 Be4 14. Qg3 Qxg3 15. Nxg3 Bxh1 16. Bxc8 Bd5 17. d3 e6 18. Bd2 Bc5 19. c4 dxc3 20. bxc3 Ne7 21. Ba6 Bf3 22. g5 Ng6 23. h5 Nh4 24. d4 Bd6 25. Rb1 O-O 26. Rb7 Rb8 27. Rxb8+ Bxb8 28. Be2 g6 29. hxg6 hxg6 30. Nf1 Bd5 31. a3 Nf3+ 32. Kd1 Nxd2 33. Nxd2 Bf4 34. Nf3 Kf8 35. c4 Be4 36. Ne5 Bxg5 37. f3 Bb1 38. Nxc6 Be3 39. Nxa7 Bxd4 40. Nb5 Bc5 41. Kd2 Bf5 42. a4 e5 43. Kc3 Bc8 44. a5 f5 45. Nc7 Ke7 46. Nd5+ Kd6 47. Bd3 Bb7 48. Kd2 Bxd5 49. cxd5 Bb4+ 50. Ke3 Bxa5 51. Bc4 Bb6+ 52. Ke2 Kc5 53. Ba2 g5 54. Bb3 Kd4 55. d6 Bd8 56. Be6 f4 57. Bf5 Kd5 58. d7 Kd6 59. Kd3 Kd5 60. Be4+ Ke6 61. Bc6 Kd6 62. Ba4 Kd5 63. Bb3+ Kd6 64. Ba4 Ke6 65. Ke4 Kd6 66. Bb5 Ke6 67. Ba4 Kd6 68. Bb5 Ke6 69. Ba4 1/2-1/2


[Site "https://www.chess.com"]

[Event "Titled Tuesday Blitz April 05 Late 2022"]
[White "Curtis, John"]
[Black "Bachmann, Axel"]
[WhiteFideId "3200256"]
[BlackFideId "3700488"]
[WhiteElo "2167"]
[BlackElo "2523"]
[Result "1/2-1/2"]
[Round "09"]
[TimeControl "180+1"]
[Date "2022.04.06"]
[WhiteClock "0:00:04"]
[BlackClock "0:00:05"]

1. e4 c5 2. Nf3 d6 3. d4 cxd4 4. Qxd4 Nf6 5. Bg5 Nc6 6. Bb5 Bd7 7. Bxc6 Bxc6 8. Nc3 e6 9. O-O-O Be7 10. e5 dxe5 11. Qe3 Qc7 12. Nxe5 O-O 13. f4 Rac8 14. Nxc6 Qxc6 15. Qe2 a6 16. Bxf6 Bxf6 17. Ne4 Be7 18. Rd3 Qc4 19. Kb1 b5 20. g3 h6 21. Rhd1 a5 22. b3 Qc6 23. Rd7 Ba3 24. R7d3 Kh8 25. g4 f5 26. Nd6 Rc7 27. g5 e5 28. gxh6 g6 29. Qxe5+ Kh7 30. Qe2 Rd8 31. Nf7 Rxd3 32. Ng5+ Kxh6 33. Rxd3 Qh1+ 34. Rd1 Qc6 35. Qd3 Qf6 36. Qh3+ Kg7 37. Qh7+ Kf8 38. Qh6+ Kg8 39. Rd8+ Qxd8 40. Qxg6+ Rg7 41. Qe6+ Kf8 42. Qxf5+ Kg8 43. Qe6+ Kf8 44. Qf5+ Kg8 45. Qe6+ Kh8 46. Qh3+ Kg8 47. Qe6+ 1/2-1/2


[Site "https://www.chess.com"]

[Event "Titled Tuesday Blitz April 05 Late 2022"]
[White "Czopor, Maciej"]
[Black "Vusatiuk, Vladimir"]
[WhiteFideId "21805431"]
[BlackFideId "14118610"]
[WhiteElo "1999"]
[BlackElo "2157"]
[Result "1-0"]
[Round "09"]
[TimeControl "180+1"]
[Date "2022.04.05"]
[WhiteClock "0:00:03"]
[BlackClock "0:00:07"]

1. Nf3 c5 2. g3 Nc6 3. Bg2 d5 4. O-O Nf6 5. d3 e5 6. Nc3 Be7 7. e4 d4 8. Ne2 O-O 9. Nd2 Ne8 10. f4 f6 11. a4 Nd6 12. h4 Bg4 13. Bf3 Bh3 14. Bg2 Be6 15. Kh2 Nb4 16. b3 a6 17. a5 Nc6 18. f5 Bf7 19. g4 Nxa5 20. Nf3 Kh8 21. Ng3 Rg8 22. g5 g6 23. fxg6 hxg6 24. gxf6 Bxf6 25. Ng5 Kg7 26. Qg4 Nc6 27. Nxf7 Kxf7 28. Bg5 Ne8 29. Rxf6+ Nxf6 30. Rf1 Rf8 31. Rxf6+ Qxf6 32. Bxf6 Kxf6 33. Qd7 Rf7 34. Qd6+ Kg7 35. Qxc5 Rh8 36. h5 gxh5 37. Nf5+ Kg6 38. Bh3 h4 39. Qd6+ Kg5 40. Qa3 Rhh7 41. Qc1+ Kf6 42. Qg1 Ne7 43. Nxe7 Kxe7 44. Qg5+ Kd6 45. Bf5 Rhg7 46. Qd8+ Kc5 47. Qd5+ Kb4 48. Qxe5 Kc3 49. Qc5+ Kd2 50. Qxd4 Ke2 51. b4 Rg3 52. Qe5 Rfg7 53. Bh3 Rf7 54. Qh5+ Ke3 55. Qxh4 Rgf3 56. Qe1+ Kd4 57. Bg2 R3f4 58. Qe2 R4f6 59. c3+ Kxc3 60. e5 Rh6+ 61. Kg1 Re7 62. Qe4 Rg7 63. Qc4+ Kd2 64. Qf4+ Kxd3 65. Qxh6 Rg4 66. Qh3+ Kc4 67. Qxg4+ Kc3 68. Qd7 Kxb4 69. Qxb7+ Ka4 70. Bd5 a5 71. Qb6 Ka3 72. Qb3# 1-0


[Site "https://www.chess.com"]

[Event "Titled Tuesday Blitz April 05 Late 2022"]
[White "Danilov, Vladimir"]
[Black "Yurtseven, Melih"]
[WhiteFideId "1203398"]
[BlackFideId "6312160"]
[WhiteElo "2519"]
[BlackElo "2484"]
[Result "1/2-1/2"]
[Round "09"]
[TimeControl "180+1"]
[Date "2022.04.06"]
[WhiteClock "0:00:44"]
[BlackClock "0:00:07"]

1. b3 d6 2. Bb2 e5 3. e3 Nf6 4. d4 exd4 5. Qxd4 Be7 6. Nc3 Nc6 7. Bb5 Bd7 8. Bxc6 bxc6 9. Nf3 c5 10. Qd2 Bc6 11. O-O-O a5 12. a4 c4 13. bxc4 Bxf3 14. gxf3 Rb8 15. Rhg1 Rg8 16. Nb5 Qd7 17. Qxa5 Rc8 18. c5 d5 19. c6 Qxc6 20. Na7 Qa8 21. Bxf6 Bxf6 22. Qxd5 Qxd5 23. Rxd5 Ra8 24. Nc6 Rxa4 25. Rgd1 Ra1+ 26. Kd2 Rxd1+ 27. Kxd1 g5 28. h3 Rg6 29. Ke2 Rh6 30. Kf1 Rxh3 31. Kg2 Rh6 32. c4 Rg6 33. Rd1 h5 34. e4 h4 35. Kh3 Be7 36. Nxe7 Kxe7 37. Rd5 f6 38. e5 fxe5 39. Rxe5+ Kf6 40. Rc5 Rg7 41. Kg4 Rh7 42. Kh3 Kg6 43. Rd5 Rf7 44. Kg2 Rf4 45. Rc5 Rf7 46. Rc6+ Kf5 47. c5 Rg7 48. Rh6 Ke5 49. c6 Kf4 50. Rf6+ Ke5 51. Rh6 g4 52. fxg4 Rxg4+ 53. Kf3 Rc4 54. Ke3 Rc3+ 55. Kd2 Rf3 56. Ke2 Rf6 57. Rh5+ Kd6 58. Rxh4 Kxc6 59. f4 Kd5 60. Ke3 c5 61. Rh8 Re6+ 62. Kd3 c4+ 63. Kd2 Rd6 64. Re8 Kd4 65. f5 Kc5+ 66. Kc2 Rf6 67. Re5+ Kd4 68. Ra5 Rb6 69. Ra8 Rf6 70. Ra5 Rh6 71. Ra8 Rh2+ 72. Kd1 Rf2 73. Rf8 Kd3 74. Rd8+ Kc3 75. Rd5 Kb2 76. Rb5+ Kc3 77. Re5 Rf1+ 78. Ke2 Rf4 79. Ke3 Rf1 80. Rc5 Re1+ 81. Kf2 Re8 82. f6 Rf8 83. Rc6 Kd4 84. Kf3 Kd3 85. Kf4 c3 86. Kf5 c2 87. Rd6+ Ke3 88. Rc6 Kd2 89. Kg6 Rg8+ 90. Kh7 Rg1 91. f7 Rh1+ 92. Kg8 Rg1+ 93. Kh7 Rf1 94. Kg7 Rg1+ 95. Rg6 c1=Q 96. f8=Q Qc3+ 97. Qf6 Qc7+ 98. Qf7 Qe5+ 99. Qf6 Qc7+ 100. Qf7 Qc3+ 101. Kg8 Qc8+ 102. Kg7 Qc3+ 103. Qf6 Rxg6+ 104. Kxg6 Qd3+ 105. Kg7 Qe3 106. Kf7 Qd3 107. Qb2+ Qc2 108. Qd4+ Qd3 109. Qf2+ Kc3 110. Qf6+ Kb3 111. Qb6+ Kc2 112. Kf6 Kc3 113. Qa5+ Kd4 114. Qb4+ Ke3 115. Qe1+ Kf3 116. Qh1+ Ke2 117. Qh2+ Kd1 118. Qg1+ Kd2 119. Qf2+ Kc3 120. Qc5+ Qc4 121. Qxc4+ Kxc4 1/2-1/2


[Site "https://www.chess.com"]

[Event "Titled Tuesday Blitz April 05 Late 2022"]
[White "Degardin, Sylvain"]
[Black "Goryachkina, Aleksandra"]
[WhiteFideId "20623070"]
[BlackFideId "4147103"]
[WhiteElo "2496"]
[BlackElo "2636"]
[Result "1-0"]
[Round "09"]
[TimeControl "180+1"]
[Date "2022.04.06"]
[WhiteClock "0:00:48"]
[BlackClock "0:00:01"]

1. d4 Nf6 2. c4 e6 3. g3 c5 4. d5 exd5 5. cxd5 d6 6. Nc3 g6 7. Bg2 Bg7 8. Nf3 O-O 9. O-O Re8 10. Re1 Na6 11. e4 Bg4 12. h3 Bxf3 13. Bxf3 Nd7 14. Bg2 Nc7 15. a4 a6 16. a5 Nb5 17. Nxb5 axb5 18. Bd2 b4 19. Qc2 Rxa5 20. Bf1 b5 21. Kg2 Qb6 22. Rxa5 Qxa5 23. f4 Nb6 24. e5 Nxd5 25. Kh2 dxe5 26. Qxc5 Rd8 27. fxe5 Qa2 28. Bg5 Rb8 29. Bg2 h6 30. Bc1 Nb6 31. Qc7 Rc8 32. Qxb6 Rc2 33. Qxb5 Qb3 34. Rf1 1-0


[Site "https://www.chess.com"]

[Event "Titled Tuesday Blitz April 05 Late 2022"]
[White "Derraugh, Geordie"]
[Black "Ashiev, Eduard"]
[WhiteFideId "2603950"]
[BlackFideId "4130090"]
[WhiteElo "2116"]
[BlackElo "2004"]
[Result "1-0"]
[Round "09"]
[TimeControl "180+1"]
[Date "2022.04.06"]
[WhiteClock "0:01:18"]
[BlackClock "0:00:01"]

1. e4 e5 2. Nf3 Nc6 3. d4 exd4 4. Bc4 Nf6 5. e5 d5 6. Bb5 Ne4 7. Nxd4 Bd7 8. Bxc6 bxc6 9. O-O c5 10. Nb3 c6 11. f3 Ng5 12. f4 Ne4 13. N1d2 c4 14. Nxe4 cxb3 15. Ng5 Bc5+ 16. Kh1 Bf5 17. axb3 h6 18. Nf3 O-O 19. c3 f6 20. b4 Bb6 21. Nd4 Be4 22. Ne6 Qe7 23. Nxf8 Rxf8 24. exf6 Qxf6 25. Qg4 Bf5 26. Qg3 Be4 27. Be3 d4 28. Bxd4 Bxd4 29. cxd4 Qxd4 30. Rfd1 Qf6 31. Rxa7 Bd5 32. h3 Re8 33. Rd2 Kh7 34. b5 Re4 35. bxc6 Bxc6 36. Rd6 1-0


[Site "https://www.chess.com"]

[Event "Titled Tuesday Blitz April 05 Late 2022"]
[White "Do Valle Cardoso, Lucas"]
[Black "Sanchez Alvares, Kelvin Antonio"]
[WhiteFideId "2163144"]
[BlackFideId "3906680"]
[WhiteElo "2651"]
[BlackElo "2507"]
[Result "1-0"]
[Round "09"]
[TimeControl "180+1"]
[Date "2022.04.06"]
[WhiteClock "0:02:03"]
[BlackClock "0:01:29"]

1. e4 e5 2. Nf3 Nc6 3. Bb5 a6 4. Bxc6 dxc6 5. O-O f6 6. d4 exd4 7. Nxd4 c5 8. Ne2 Qxd1 9. Rxd1 Bd7 10. Nbc3 O-O-O 11. Bf4 Ne7 12. f3 h5 13. h4 Ng6 14. Bg3 Be6 15. Rxd8+ Kxd8 16. Rd1+ Kc8 17. Nd5 Bxd5 18. Rxd5 Be7 19. Kf2 Rd8 20. Rxh5 Rd2 21. Rh7 Bd8 22. Rxg7 Ne7 23. h5 Nc6 24. h6 Nd4 25. h7 Nxe2 26. h8=Q Rxc2 27. Rxc7+ 1-0


[Site "https://www.chess.com"]

[Event "Titled Tuesday Blitz April 05 Late 2022"]
[White "Dobre, Claudiu-Cristian"]
[Black "Rudzinska, Michalina"]
[WhiteFideId "1211854"]
[BlackFideId "1172883"]
[WhiteElo "2483"]
[BlackElo "2297"]
[Result "1-0"]
[Round "09"]
[TimeControl "180+1"]
[Date "2022.04.06"]
[WhiteClock "0:00:11"]
[BlackClock "0:00:38"]

1. c4 c5 2. Nf3 Nf6 3. d4 cxd4 4. Nxd4 e6 5. g3 Nc6 6. Bg2 Qb6 7. Nc2 h5 8. h3 h4 9. g4 Be7 10. Nc3 O-O 11. O-O Nb4 12. Be3 Qc7 13. Nb5 Qb8 14. Nxb4 Bxb4 15. Qa4 a5 16. c5 Nd5 17. Bxd5 exd5 18. a3 d4 19. Bxd4 Bd2 20. Qc2 Bf4 21. Qe4 b6 22. Nd6 Bxd6 23. cxd6 Qxd6 24. Qxa8 Qxd4 25. Rac1 Ba6 26. Qxa6 f5 27. Qd3 Qxb2 28. gxf5 Qe5 29. Rc4 Rxf5 30. Rg4 d5 31. Qd4 Qe7 32. Rc1 Kh7 33. Rc6 g5 34. Qd3 Qf7 35. Rd6 Kh8 36. f3 Re5 37. Qd4 Qg7 38. Rxd5 Rxd5 39. Qxd5 Qa1+ 40. Kg2 Qe1 41. Qe5+ Kg8 42. Rxg5+ Kf8 43. Qf6+ Ke8 44. Qe6+ Kd8 45. Rg8+ Kc7 46. Qe5+ Kc6 47. Rc8+ Kb7 48. Rc7+ Ka6 49. Rg7 a4 50. Rg6 Qd2 51. Qe6 Qd4 52. Qxb6+ 1-0


[Site "https://www.chess.com"]

[Event "Titled Tuesday Blitz April 05 Late 2022"]
[White "Dubov, Daniil"]
[Black "Dreev, Aleksey"]
[WhiteFideId "24126055"]
[BlackFideId "4100107"]
[WhiteElo "2791"]
[BlackElo "2625"]
[Result "1/2-1/2"]
[Round "09"]
[TimeControl "180+1"]
[Date "2022.04.05"]
[WhiteClock "0:00:05"]
[BlackClock "0:00:05"]

1. e4 c5 2. Nf3 e6 3. c3 d5 4. e5 Bd7 5. d4 Qb6 6. a3 Bb5 7. Bxb5+ Qxb5 8. a4 Qd7 9. dxc5 Bxc5 10. b4 Bb6 11. O-O Ne7 12. Nbd2 O-O 13. b5 a6 14. Ba3 axb5 15. axb5 Rc8 16. Qb3 Qe8 17. c4 Nd7 18. Bxe7 Rxa1 19. Rxa1 Qxe7 20. cxd5 Nc5 21. Qa2 exd5 22. Qxd5 Rd8 23. Qc4 Qd7 24. h3 h6 25. Ne4 Nxe4 26. Qxe4 Qxb5 27. e6 Qe8 28. exf7+ Qxf7 29. Rb1 Rd6 30. g3 Re6 31. Qd3 Rf6 32. Kg2 Bc5 33. Qe4 b6 34. Ra1 Qe6 35. Ra8+ Bf8 36. Ne5 Qf5 37. Qxf5 Rxf5 38. Nd7 b5 39. Rb8 b4 40. g4 Rf7 41. Ne5 Rf6 42. h4 Re6 43. f4 Re7 44. Ng6 Rf7 45. h5 Rf6 46. Kf3 Rf7 47. Ke4 Rf6 48. Kd5 Rf7 49. Kc4 Rf6 50. Rxf8+ Rxf8 51. Nxf8 Kxf8 52. Kxb4 Kf7 53. Kc5 Ke6 54. Kc6 Ke7 55. Kd5 Kd7 56. Ke5 Ke7 57. Kd5 Kd7 58. Kc5 Ke7 59. Kc6 Ke6 60. Kc5 Ke7 61. Kd5 1/2-1/2


[Site "https://www.chess.com"]

[Event "Titled Tuesday Blitz April 05 Late 2022"]
[White "Fishbein, Alexander"]
[Black "Shimanov, Aleksandr"]
[WhiteFideId "2000377"]
[BlackFideId "4198603"]
[WhiteElo "2442"]
[BlackElo "2636"]
[Result "0-1"]
[Round "09"]
[TimeControl "180+1"]
[Date "2022.04.05"]
[WhiteClock "0:00:02"]
[BlackClock "0:00:32"]

1. e4 d5 2. exd5 Qxd5 3. d4 Nc6 4. Nf3 Bg4 5. c4 Qf5 6. Be2 O-O-O 7. Be3 Bxf3 8. Bxf3 Nxd4 9. Bxd4 Qe6+ 10. Be2 Qe4 11. O-O Qxd4 12. Qb3 e6 13. Rd1 Qe5 14. Rxd8+ Kxd8 15. Nc3 Bd6 16. g3 b6 17. Rd1 Ke7 18. Qa4 a5 19. Bf3 Nf6 20. Nb5 Rd8 21. Na7 Kf8 22. Nc6 Qf5 23. Nxd8 Qxf3 24. Qc2 Ke7 25. Rd3 Qe4 26. c5 bxc5 27. Rc3 Qe1+ 28. Kg2 Kxd8 29. Rb3 Kc8 30. Qc4 Kd7 31. Qb5+ Ke7 32. Re3 Qd2 33. b3 Ng4 34. Re2 Qd5+ 35. Kg1 Ne5 36. Qxa5 Nf3+ 37. Kf1 Nd4 38. Rd2 Qh1# 0-1


[Site "https://www.chess.com"]

[Event "Titled Tuesday Blitz April 05 Late 2022"]
[White "Foisor, Sabina-Francesca"]
[Black "Kozin, Yuri"]
[WhiteFideId "1212915"]
[BlackFideId "4129920"]
[WhiteElo "2351"]
[BlackElo "2511"]
[Result "1-0"]
[Round "09"]
[TimeControl "180+1"]
[Date "2022.04.06"]
[WhiteClock "0:00:10"]
[BlackClock "0:00:05"]

1. d4 d5 2. c4 c6 3. Nf3 Nf6 4. Nbd2 Bf5 5. Nh4 Bg6 6. Qb3 Qc7 7. Nxg6 hxg6 8. g3 e6 9. Bg2 Nbd7 10. O-O Be7 11. e4 dxe4 12. Nxe4 Nxe4 13. Bxe4 Nf6 14. Bg2 Rd8 15. Rd1 O-O 16. Bf4 Bd6 17. Bg5 Be7 18. Rd3 Rd7 19. Rad1 Rfd8 20. Bxf6 Bxf6 21. d5 cxd5 22. cxd5 e5 23. h4 Rd6 24. Rc3 Qe7 25. Be4 Rb6 26. Qc2 Rb4 27. Rc7 Qd6 28. Rc4 Rxc4 29. Qxc4 Be7 30. a3 f5 31. Bg2 Bf6 32. b4 e4 33. Bf1 e3 34. Qe2 Re8 35. f4 a5 36. Bg2 axb4 37. axb4 Bc3 38. b5 b6 39. Rd3 Bb4 40. Kh2 Bc5 41. h5 gxh5 42. Qxh5 Qh6 43. Qxh6 gxh6 44. Bf3 e2 45. Bxe2 Rxe2+ 46. Kh1 Re1+ 47. Kg2 Kf7 48. d6 Re8 49. Rd5 Kf6 50. d7 Rd8 51. Kf3 Ke6 52. Re5+ Kf6 53. Rd5 Be7 54. g4 fxg4+ 55. Kxg4 Ke6 56. Rh5 Bf8 57. Re5+ Kxd7 58. Rf5 Ke8 59. Rf6 Bg7 60. Rxb6 Kf7 61. Rb7+ Kg8 62. b6 Rd1 63. Rc7 Rb1 64. b7 Kh7 65. f5 Rb4+ 66. Kf3 Rb3+ 67. Ke4 Rb4+ 68. Kd3 Rb6 69. Kc4 Kh8 70. Rc8+ Kh7 71. b8=Q Rxb8 72. Rxb8 h5 73. Rb7 Kh6 74. Kd5 h4 75. Ke6 h3 76. f6 Bxf6 77. Kxf6 Kh5 78. Kf5 Kh4 79. Kf4 h2 80. Rh7# 1-0


[Site "https://www.chess.com"]

[Event "Titled Tuesday Blitz April 05 Late 2022"]
[White "Galego, Luis"]
[Black "Bas Mas, Jose Joaquin"]
[WhiteFideId "1900072"]
[BlackFideId "22219064"]
[WhiteElo "2539"]
[BlackElo "2339"]
[Result "1-0"]
[Round "09"]
[TimeControl "180+1"]
[Date "2022.04.06"]
[WhiteClock "0:00:56"]
[BlackClock "0:00:16"]

1. d4 f5 2. c4 Nf6 3. Nc3 e6 4. g3 Bb4 5. Bg2 Bxc3+ 6. bxc3 O-O 7. c5 Ne4 8. Qc2 Qf6 9. Nf3 d6 10. cxd6 cxd6 11. O-O Bd7 12. Ba3 Bc6 13. c4 Na6 14. Rad1 Rac8 15. Qb3 Rfe8 16. e3 b6 17. Bb2 Qf7 18. Qa3 Bb7 19. Rc1 h6 20. Rfd1 Kh7 21. Nd2 Nxd2 22. Rxd2 Bxg2 23. Kxg2 Qb7+ 24. Kg1 d5 25. cxd5 Rxc1+ 26. Bxc1 exd5 27. Qd3 g6 28. h4 h5 29. Rc2 Re7 30. Ba3 Rd7 31. Qb5 Nb8 32. Qb4 Rc7 33. Rxc7+ Qxc7 34. Qf8 Nc6 35. Bd6 Qd7 36. Bf4 Nd8 37. Qh6+ Kg8 38. Qxg6+ Kf8 39. Qxh5 Qf7 40. Qh8+ Ke7 41. Bg5+ Kd7 42. Qxd8+ 1-0


[Site "https://www.chess.com"]

[Event "Titled Tuesday Blitz April 05 Late 2022"]
[White "Hambleton, Aman"]
[Black "Reprintsev, Alexander"]
[WhiteFideId "2606577"]
[BlackFideId "14100541"]
[WhiteElo "2552"]
[BlackElo "2108"]
[Result "1-0"]
[Round "09"]
[TimeControl "180+1"]
[Date "2022.04.05"]
[WhiteClock "0:00:05"]
[BlackClock "0:00:05"]

1. d4 d5 2. Bf4 Nf6 3. e3 c5 4. c3 Qb6 5. Qb3 c4 6. Qc2 g6 7. b3 Bf5 8. Qb2 Nc6 9. Nd2 Nh5 10. Bg5 h6 11. Bh4 g5 12. Be2 gxh4 13. Bxh5 Bg7 14. Ngf3 h3 15. g3 Bd3 16. Bg4 e5 17. dxe5 Nxe5 18. Nxe5 Bxe5 19. Nf3 Bf6 20. Bxh3 O-O 21. Bf1 Bf5 22. Be2 Bh3 23. Rg1 Rac8 24. b4 Bf5 25. g4 Bg6 26. h4 Bg7 27. a3 Rfe8 28. h5 Bd3 29. Rc1 Rxe3 30. fxe3 Qxe3 31. Qd2 Qe8 32. Kf1 Be4 33. Re1 Qa4 34. Bd1 Qxa3 35. Nd4 Re8 36. Rg3 a5 37. bxa5 Qxa5 38. Kg1 Qc7 39. Qf2 Be5 40. Rge3 Bf4 41. Bf3 Bg3 42. Qg2 Bxe1 43. Rxe1 Qf4 44. Bxe4 Rxe4 45. Rxe4 dxe4 46. Qe2 e3 47. Kg2 Qe4+ 48. Qf3 Qd3 49. Ne2 b5 50. Qa8+ Kg7 51. Kf3 b4 52. cxb4 c3 53. Qc6 c2 54. b5 Qd1 55. Kxe3 Qb1 56. Qc3+ f6 57. Qc7+ Kg8 58. b6 Qb3+ 59. Kf2 Qd5 60. b7 c1=Q 61. b8=Q+ 1-0


[Site "https://www.chess.com"]

[Event "Titled Tuesday Blitz April 05 Late 2022"]
[White "Harish, Neeraj"]
[Black "Hernandez Bermudez, Ulises Eduardo"]
[WhiteFideId "30958130"]
[BlackFideId "3902510"]
[WhiteElo "1574"]
[BlackElo "2056"]
[Result "0-1"]
[Round "09"]
[TimeControl "180+1"]
[Date "2022.04.06"]
[WhiteClock "0:00:05"]
[BlackClock "0:01:08"]

1. c4 Nf6 2. Nf3 c5 3. Nc3 e6 4. e3 d5 5. d4 Nc6 6. cxd5 exd5 7. Bb5 cxd4 8. Nxd4 Bd7 9. O-O Bd6 10. Nf3 Bf5 11. Qa4 Qc7 12. Rd1 Be6 13. h3 O-O 14. Bxc6 bxc6 15. Qh4 h6 16. e4 Nxe4 17. Nxe4 dxe4 18. Qxe4 Bd5 19. Qe2 Rae8 20. Be3 Bf4 21. Rac1 Bxe3 22. fxe3 Qg3 23. Qf2 Qg6 24. Rc3 Re6 25. Nd4 Rf6 26. Qc2 Be4 27. Qe2 Rd8 28. Nf3 Rxd1+ 29. Qxd1 Bxf3 0-1


[Site "https://www.chess.com"]

[Event "Titled Tuesday Blitz April 05 Late 2022"]
[White "He, Anthony"]
[Black "Naroditsky, Daniel"]
[WhiteFideId "2088215"]
[BlackFideId "2026961"]
[WhiteElo "2415"]
[BlackElo "2608"]
[Result "1/2-1/2"]
[Round "09"]
[TimeControl "180+1"]
[Date "2022.04.05"]
[WhiteClock "0:00:01"]
[BlackClock "0:00:02"]

1. e4 c5 2. Nf3 d6 3. Bb5+ Nc6 4. O-O Bd7 5. Re1 Nf6 6. Nc3 e5 7. d3 h6 8. a4 Be7 9. Nd2 O-O 10. Nf1 a6 11. Bc4 Bg4 12. Qd2 Nh5 13. f3 Be6 14. Nd5 Bg5 15. Qf2 Bxd5 16. Bxd5 Bxc1 17. Raxc1 Nf4 18. Bc4 Qg5 19. Kh1 Kh8 20. Ne3 Nd4 21. c3 b5 22. g3 Nfe2 23. Rcd1 bxc4 24. dxc4 Rab8 25. Rxe2 Nxe2 26. Qxe2 Rxb2 27. Qxb2 Qxe3 28. Kg2 f5 29. Qd2 Qxd2+ 30. Rxd2 fxe4 31. fxe4 Rb8 32. Rxd6 Rb2+ 33. Kh3 Rb3 34. Rd5 Rxc3 35. Rxc5 Kg8 36. a5 Kf7 37. Rc6 h5 38. Kh4 Re3 39. Kxh5 Rxe4 40. Kg5 Re2 41. h4 Rc2 42. Kf5 Re2 43. Rc7+ Kf8 44. Ke6 Kg8 45. c5 e4 46. Kf5 e3 47. Kf4 Re1 48. Kf3 e2 49. Kf2 Ra1 50. Kxe2 Rxa5 51. Kf3 Kf8 52. Kf4 Ra1 53. Kg5 a5 54. Ra7 a4 55. c6 Rc1 56. c7 Ke8 57. Kg6 Kd7 58. Rxa4 Rxc7 59. Kxg7 Ke6+ 60. Kg6 Rc8 61. Kg5 Rg8+ 62. Kf4 Kf6 63. Ra6+ Kg7 64. g4 Rb8 65. h5 Kh8 66. Kg5 Kg7 67. Kh4 Kh8 68. Rg6 Kh7 69. Rf6 Rb7 70. Ra6 Rc7 71. Ra4 Rb7 72. Rf4 Rc7 73. g5 Kg7 74. Kg4 Rb7 75. Ra4 Rc7 76. Ra5 Rb7 77. Kf5 Rf7+ 78. Kg4 Rb7 79. Rf5 Rb4+ 80. Rf4 Rb7 81. h6+ Kh7 82. Kh5 Rb5 83. Rf7+ Kg8 84. Ra7 Kh8 85. Rf7 Kg8 86. Rf6 Kh7 87. Re6 Kg8 88. Kg6 Rb8 89. h7+ Kh8 90. Kh6 Rb6 91. Rxb6 1/2-1/2


[Site "https://www.chess.com"]

[Event "Titled Tuesday Blitz April 05 Late 2022"]
[White "Herrera Reyes, Jose Antonio"]
[Black "Svane, Frederik"]
[WhiteFideId "2274914"]
[BlackFideId "12923044"]
[WhiteElo "2361"]
[BlackElo "2459"]
[Result "1-0"]
[Round "09"]
[TimeControl "180+1"]
[Date "2022.04.05"]
[WhiteClock "0:01:31"]
[BlackClock "0:00:01"]

1. Nf3 Nf6 2. g3 g6 3. Bg2 Bg7 4. d3 O-O 5. Nc3 d5 6. h4 c6 7. Bg5 Nbd7 8. Qd2 Qb6 9. Bh6 Bxh6 10. Qxh6 Qxb2 11. Kd2 Qb6 12. h5 Qxf2 13. hxg6 fxg6 14. Ng5 d4 15. Nce4 Qe3+ 16. Kd1 a5 17. a4 Ra6 18. Bh3 c5 19. Bxd7 Bxd7 20. Nxf6+ exf6 21. Qxh7# 1-0


[Site "https://www.chess.com"]

[Event "Titled Tuesday Blitz April 05 Late 2022"]
[White "Hess, Robert"]
[Black "Aldokhin, Ivan"]
[WhiteFideId "2022036"]
[BlackFideId "24115720"]
[WhiteElo "2557"]
[BlackElo "2231"]
[Result "1-0"]
[Round "09"]
[TimeControl "180+1"]
[Date "2022.04.05"]
[WhiteClock "0:00:12"]
[BlackClock "0:00:02"]

1. b3 d5 2. Bb2 Bg4 3. h3 Bh5 4. d3 e6 5. Nd2 Nf6 6. g4 Bg6 7. Ngf3 Nc6 8. Nh4 Bd6 9. e3 Qe7 10. a3 O-O-O 11. b4 h5 12. g5 Nh7 13. Nxg6 fxg6 14. h4 Rhf8 15. Qe2 Rf7 16. Bh3 a6 17. O-O-O Kb8 18. f4 e5 19. f5 Nf8 20. fxg6 Nxg6 21. Qxh5 Nf8 22. Rdf1 g6 23. Rxf7 Qxf7 24. Qf3 Qg8 25. Rf1 d4 26. Ne4 dxe3 27. Nxd6 cxd6 28. Qxe3 Ne6 29. Bxe6 Qxe6 30. Rf6 Qg4 31. Qf2 Ne7 32. Qb6 Nc6 33. Bxe5 dxe5 34. Rxc6 Rh8 35. Qc7+ Ka8 36. Qxe5 1-0


[Site "https://www.chess.com"]

[Event "Titled Tuesday Blitz April 05 Late 2022"]
[White "Hnydiuk, Aleksander"]
[Black "Nasuta, Grzegorz"]
[WhiteFideId "1109057"]
[BlackFideId "1141686"]
[WhiteElo "2374"]
[BlackElo "2396"]
[Result "0-1"]
[Round "09"]
[TimeControl "180+1"]
[Date "2022.04.05"]
[WhiteClock "0:00:40"]
[BlackClock "0:01:21"]

1. Nf3 b6 2. e4 Bb7 3. Nc3 g6 4. d4 Bg7 5. Bd3 e6 6. O-O d6 7. Qe2 Ne7 8. a4 a6 9. Re1 Nd7 10. h3 h6 11. Bf4 O-O 12. Qd2 Kh7 13. h4 e5 14. Be3 exd4 15. Bxd4 Ne5 16. Be2 Qc8 17. h5 Qe6 18. Nxe5 dxe5 19. hxg6+ Qxg6 20. Be3 Rad8 21. Bd3 f5 22. f3 f4 23. Bf2 Bf6 24. Qe2 Rg8 25. Bc4 Qxg2# 0-1


[Site "https://www.chess.com"]